 Dungeon Crawl Stone Soup version 0.28-a0-1213-g0243856f03 (webtiles) character file.

Game seed: 8805397670834742938

30 kipponium the Grasshopper (level 3, -2/31 HPs)
             Began as a Gnoll Warper on Dec 21, 2021.
             Was a Follower of Zin.
             Slain by a gnoll (7 damage)
             ... on level 1 of the Dungeon.
             The game lasted 00:03:31 (1432 turns).

kipponium the Grasshopper (Gnoll Warper)            Turns: 1432, Time: 00:03:31

Health: -2/31      AC:  3    Str: 10    XL:     3   Next: 20%
Magic:  8/9        EV: 12    Int: 14    God:    Zin [*.....]
Gold:   20         SH:  0    Dex: 11    Spells: 4/12 levels left

rFire   . . .      SeeInvis .   a - +0 short sword
rCold   . . .      Faith    .   (no shield)
rNeg    . . .      Spirit   .   b - +0 leather armour
rPois   .          Reflect  .   (no helmet)
rElec   .          Harm     .   (no cloak)
rCorr   .          Rampage  .   (no gloves)
Will    .....                   (no boots)
Stlth   +.........              (no amulet)
HPRegen 0.10/turn               (no ring)
MPRegen 0.11/turn               (no ring)

@: no status effects
A: fangs 1, strong nose, distributed training
a: Renounce Religion, Recite, Donate Gold


You were on level 1 of the Dungeon.
You worshipped Zin.
Zin was aware of your devotion.
You visited 1 branch of the dungeon, and saw 2 of its levels.

You collected 22 gold pieces.
You donated 2 gold pieces to Zin.

Inventory:

Hand Weapons
 a - a +0 short sword (weapon)
Missiles
 d - 5 boomerangs of dispersal (quivered)
 g - 3 boomerangs
Armour
 b - a +0 leather armour (worn)
Scrolls
 c - a scroll of blinking
 f - a scroll of fear {unknown}


   Skills:
 + Level 4.5 Fighting
 + Level 4.5 Short Blades
 + Level 0.6 Long Blades
 + Level 0.6 Axes
 + Level 0.6 Maces & Flails
 + Level 0.6 Polearms
 + Level 0.6 Staves
 + Level 0.6 Slings
 + Level 0.6 Bows
 + Level 0.6 Crossbows
 + Level 2.5 Throwing
 + Level 2.5 Armour
 + Level 4.5 Dodging
 + Level 0.6 Stealth
 + Level 0.6 Shields
 + Level 0.6 Unarmed Combat
 + Level 5.0 Spellcasting
 + Level 0.4 Conjurations
 + Level 0.4 Hexes
 + Level 0.4 Summonings
 + Level 0.4 Necromancy
 + Level 5.4 Translocations
 + Level 0.4 Transmutations
 + Level 0.4 Fire Magic
 + Level 0.4 Ice Magic
 + Level 0.4 Air Magic
 + Level 0.4 Earth Magic
 + Level 0.4 Poison Magic
 + Level 0.8 Invocations
 + Level 0.6 Evocations


You had 4 spell levels left.
You knew the following spells:

 Your Spells              Type           Power      Damage    Failure   Level
a - Blink                 Tloc           36%        N/A       3%          2
b - Gell's Gravitas       Tloc           18%        N/A       8%          3
c - Teleport Other        Tloc           18%        N/A       8%          3

Your spell library contained the following spells:

 Spells                   Type           Power      Damage    Failure   Level
 Lesser Beckoning         Tloc           18%        N/A       8%          3
 Manifold Assault         Tloc           18%        N/A       56%         5


Dungeon Overview and Level Annotations

Branches:
Dungeon (2/15)

Altars:
Zin


Innate Abilities, Weirdness & Mutations

You have very sharp teeth.
Your uncanny sense of smell can sniff out nearby items.
Your experience applies equally to all skills.


Message History

There is a stone staircase leading up here.
Cast which spell? (? or * to list)
The spell is quite dangerous to miscast (8% risk of failure)!
Continue anyway?
Aiming: Gell's Gravitas (quite dangerous; 8% risk of failure)
Press: ? - help, Dir - move target, f - gnoll
Aim: a gnoll, wielding a +0 spear and quivering 2 throwing nets Gravity reorients around the gnoll.
The gnoll shouts!
The gnoll collides with the gnoll!
The gnoll is lightly wounded.
The gnoll throws a throwing net.
The throwing net hits you.
You become entangled in the net!
You struggle against the net.
You struggle against the net.
An endoplasm comes into view.
You struggle against the net.
An endoplasm comes into view.
The gnoll hits you with a +2 flail of protection.
You struggle against the net.
The gnoll hits you with a +2 flail of protection!
You struggle against the net.
The gnoll hits you from afar with a +0 spear.
You rip the net and break free!
The gnoll barely misses you.
The gnoll hits you from afar with a +0 halberd!
* * * LOW HITPOINT WARNING * * *
The gnoll hits you from afar with a +0 spear.
* * * LOW HITPOINT WARNING * * *
The gnoll closely misses you. The gnoll barely misses you.
You climb upwards.
There is a stone staircase leading down here.
It was a potion of curing.
You feel better. The endoplasm barely misses you. The gnoll barely misses you.
The endoplasm freezes you.
You are frozen.
The gnoll hits you with a +2 flail of protection!
* * * LOW HITPOINT WARNING * * *
The endoplasm misses you. The endoplasm barely misses you.
The gnoll hits you with a +2 flail of protection!
You die...

###.## ##.##### #.####.##..# ##.
.....# #..##.# #......###.# #.
.....# ##.##.# ##...######.# #.
.....# #..#.###...####....####.
.....# ##.#..##.#.###.........)
.....#### #.##....#.....#########
........# #.##..##.....># #
........###.#..###.#..### ####
.....##.........@gJ..## #...
..........##.≈≈≈≈≈≈≈≈≈## ##...
#####.#.####.≈#≈≈≈≈≈#≈.######....
.####.#.##...≈#≈###≈#≈...........
............#≈#≈≈≈≈≈#≈#.###......
..#####.##...≈≈≈≈≈≈≈≈≈......##...
.######.....####..##........###.#
####.......#....(...........#...#
.............###.>##.......##.###


You could see a gnoll and an endoplasm.

Vanquished Creatures
  2 dart slugs (D:1)
  2 bats (D:1)
  3 endoplasms (D:1)
  A giant cockroach (D:1)
  2 goblins (D:1)
  5 hobgoblins (D:1)
  4 ball pythons (D:1)
  3 kobolds (D:1)
  2 rats (D:1)
24 creatures vanquished.

Vanquished Creatures (others)
  A plant (D:1)
1 creature vanquished.

Grand Total: 25 creatures vanquished

Notes
Turn   | Place    | Note
-------+----------+-------------------------------------------
     0 | D:1      | kipponium the Gnoll Warper began the quest for the Orb.
     0 | D:1      | Reached XP level 1. HP: 20/20 MP: 6/6
   320 | D:1      | Reached XP level 2. HP: 26/26 MP: 7/7
   323 | D:1      | Learned a level 2 spell: Blink
  1021 | D:1      | Reached skill level 5 in Spellcasting
  1021 | D:1      | Reached XP level 3. HP: 23/31 MP: 7/9
  1320 | D:1      | Found a faded altar of an unknown god.
  1325 | D:1      | Prayed at the altar of an unknown god.
  1325 | D:1      | Became a worshipper of Zin the Law-Giver
  1325 | D:1      | Reached * piety under Zin
  1384 | D:1      | Learned a level 3 spell: Gell's Gravitas
  1388 | D:1      | Learned a level 3 spell: Teleport Other
  1432 | D:1      | Slain by a gnoll

Illustrated notes

Levels and vault maps discovered:
D:1:      scummos_arrival_hexagon, layout_rooms,
          chequers_ecumenical_altar_lobes, minivault_24, minmay_crystal_water
D:2:      layout_basic, basic_altar

Skill      XL: |  1  2 |
---------------+-------+-----
Spellcasting   | 5 |  5.0
Fighting       | |  4.5
Short Blades   | |  4.5
Long Blades    | |  0.6
Axes           | |  0.6
Maces & Flails | |  0.6
Polearms       | |  0.6
Staves         | |  0.6
Slings         | |  0.6
Bows           | |  0.6
Crossbows      | |  0.6
Throwing       | |  2.5
Armour         | |  2.5
Dodging        | |  4.5
Stealth        | |  0.6
Shields        | |  0.6
Unarmed Combat | |  0.6
Conjurations   | |  0.4
Hexes          | |  0.4
Summonings     | |  0.4
Necromancy     | |  0.4
Translocations | |  5.4
Transmutations | |  0.4
Fire Magic     | |  0.4
Ice Magic      | |  0.4
Air Magic      | |  0.4
Earth Magic    | |  0.4
Poison Magic   | |  0.4
Invocations    | |  0.8
Evocations     | |  0.6

Action                   || total
-------------------------++-------
Melee: Short sword       ||    88
       Bite              ||     8
 Cast: Gell's Gravitas   ||     1
  Use: Potion            ||     1
 Stab: Sleeping          ||     1
Armor: Leather armour    ||    29
Dodge: Dodged            ||    69

Table legend: (Time is in decaauts)
 A = Elapsed time spent in this place.
 B = Non-inter-level travel time spent in this place.
 C = Inter-level travel time spent in this place.
 D = Time resting spent in this place.
 E = Time spent auto-exploring this place.
 F = Levels seen in this place.
 G = Mean time per level.
                   A        B        C        D        E       F      G
               +--------+--------+--------+--------+--------+-----+--------+
         Total |   1421 |   1411 |     10 |    655 |    493 |   2 |  710.5 |
       Dungeon |   1421 |   1411 |     10 |    655 |    493 |   2 |  710.5 |
               +--------+--------+--------+--------+--------+-----+--------+

Top non-repeatable levels by time:
     D:1: 1413 daAuts
     D:2: 8 daAuts
